 Dungeon Crawl Stone Soup version 0.30-a0-374-g95c0257040 (webtiles) character file.

Game seed: 4817496502280727996

2940 NinjaNoafa the Carver (level 9, -3/69 HPs)
             Began as a Merfolk Monk on Nov 26, 2022.
             Was a Priest of Wu Jian.
             Killed by the air
             ... invoked by Gastronok
              (26 damage)
             ... on level 8 of the Dungeon.
             The game lasted 00:14:45 (6821 turns).

NinjaNoafa the Carver (Merfolk Monk)                Turns: 6821, Time: 00:14:45

Health: -3/69      AC: 11    Str: 11    XL:     9   Next: 80%
Magic:  9/9        EV: 16    Int: 10    God:    Wu Jian [***...]
Gold:   410        SH:  0    Dex: 20    Spells: 8/8 levels left

rFire   . . .      SeeInvis +    j - +3 great sword
rCold   . . .      Faith    .    (shield currently unavailable)
rNeg    . . .      Spirit   .    b - +0 robe
rPois   .          Reflect  .    k - +1 helmet
rElec   .          Harm     .    m - +0 cloak
rCorr   .          Rampage  .    C - +0 pair of gloves
Will    .....                    i - +0 pair of boots
Stlth   +++.......               a - amulet of magic regeneration
HPRegen 0.31/turn                x - +4 ring of protection
MPRegen 0.51/turn                (no ring)

@: serpent's lash
A: (nimble swimmer 2), mertail, see invisible, mutation resistance 1
a: Renounce Religion, Wall Jump, Serpent's Lash


You were on level 8 of the Dungeon.
You worshipped Wu Jian.
Wu Jian was most pleased with you.
You visited 2 branches of the dungeon, and saw 9 of its levels.

You collected 410 gold pieces.

Inventory:

Hand Weapons
 j - a +3 great sword (weapon)
Missiles
 h - 82 stones
 z - 16 poisoned darts
 E - a throwing net
 H - 5 boomerangs (quivered)
 I - a curare-tipped dart
Armour
 b - a +0 robe (worn)
 i - a +0 pair of boots (worn)
 k - a +1 helmet (worn)
 m - a +0 cloak (worn)
 C - a +0 pair of gloves (worn)
Jewellery
 a - an amulet of magic regeneration (around neck)
 x - a +4 ring of protection (left hand)
Wands
 u - a wand of polymorph (11)
 y - a wand of paralysis (11)
Scrolls
 e - a scroll of brand weapon {unknown}
 f - 6 scrolls of teleportation
 l - a scroll of poison
 q - a scroll of magic mapping
 r - 2 scrolls of amnesia {unknown}
 s - a scroll of torment {unknown}
 t - a scroll of silence {unknown}
 w - a scroll of noise
 A - 5 scrolls of immolation
 F - a scroll of enchant armour {unknown}
 G - a scroll of vulnerability {unknown}
Potions
 c - 3 potions of ambrosia
 d - 3 potions of flight
 g - 4 potions of brilliance
 n - 5 potions of mutation
 o - 2 potions of invisibility
 p - 3 potions of haste
 v - 2 potions of berserk rage
 B - a potion of degeneration
 D - 2 potions of attraction


   Skills:
 + Level 6.2 Fighting
 - Level 14.0 Long Blades
 * Level 0.8 Throwing
 + Level 6.6 Dodging
 - Level 3.0 Stealth


You had 8 spell levels left.
You didn't know any spells.
Your spell library contained the following spells:

 Spells                   Type           Power      Damage    Failure   Level
 Alistair's Intoxication  Tmut/Pois      0%         N/A       100%        5
 Borgnjor's Vile Clutch   Necr/Erth      0%         N/A       100%        5
 Eringya's Noxious Bog    Tmut/Pois      0%         N/A       100%        6


Dungeon Overview and Level Annotations

Branches:
Dungeon (8/15)             Temple (1/1) D:4
   Lair: D:8-11

Altars:
Ashenzari
Cheibriados
Dithmenos
Elyvilon
Fedhas
Kikubaaqudgha
Makhleb
Nemelex Xobeh
Qazlal
Sif Muna
Trog
Uskayaw
Vehumet
Wu Jian
Yredelemnul
Zin
The Shining One

Shops:
D:6 [

Annotations:
D:8 Gastronok


Innate Abilities, Weirdness & Mutations

((You are very nimble when in or above water. (Stealth+, EV+, Speed+++)))
Your lower body shifts to a powerful aquatic tail in water.
You have supernaturally acute eyesight. (SInv)
You are somewhat resistant to further mutation.


Message History

Gastronok waves his eye-stalks in wide circles.
The air twists around and strikes you!
You throw a boomerang. The boomerang barely misses Gastronok.
You throw a boomerang. The boomerang hits Gastronok.
Gastronok is lightly wounded.
Aiming: Paralyse
Press: ? - help, Shift-Dir - straight line, f/p - Gastronok
Aim: Gastronok, wearing a +2 hat of willpower (lightly wounded, chance to affect: 0%)
Okay, then.
Unknown command.
You throw a boomerang. The boomerang hits Gastronok.
Gastronok is lightly wounded.
You throw a boomerang.
The boomerang hits Gastronok but does no damage.
Gastronok is lightly wounded.
You lunge at Gastronok.
You slash Gastronok!
Gastronok is lightly wounded.
Gastronok bites you!!
You hit Gastronok.
Gastronok is lightly wounded.
You spin and attack Gastronok.
You hit Gastronok but do no damage.
Gastronok is lightly wounded.
Gastronok bites you but does no damage.
Your muscles tense, ready for explosive movement...
You lunge with incredible momentum at Gastronok.
You carve Gastronok like a ham!!!
Gastronok is heavily wounded.
You slash Gastronok!
Gastronok is heavily wounded.
You hear an angry hiss.
Gastronok waves his eye-stalks in wide circles.
The air twists around and strikes you!!
You slash Gastronok!
Gastronok is severely wounded.
A wyvern comes into view.
You completely miss Gastronok.
Gastronok is severely wounded.
Gastronok waves his eye-stalks in wide circles.
The air twists around and strikes you!!
You die...

..####<####..# ..
#.............# ...
#.#######.##)##
..[>. .
...#.##.##...... ..
.#.........#..$.
.#.........##......
....###.##....>....
...l...w..†###..#.#
#.....@....##. #
#.####°....<...
#......#..#
#....#.# .#
##...>... #
.....##.# ####.##
.# .# .#


You could see Gastronok and a wyvern.

Vanquished Creatures
  Pikel (D:8)
  Sigmund (D:4)
  2 steam dragons
  A water moccasin (D:5)
  An ice beast (D:7)
  A black bear (D:7)
  2 orc warriors (D:7)
  2 ogres (D:6)
  A phantom (D:5)
  A kobold brigand (D:7)
  A bullfrog (D:7)
  2 necrophages (D:5)
  A scorpion (D:6)
  3 wights (D:7)
  2 howler monkeys (D:8)
  3 jellies
  4 orc priests
  5 hounds
  9 orc wizards
  An iguana (D:4)
  4 gnolls (D:5)
  4 adders
  A shadow imp (D:6)
  3 white imps
  An ufetubus (D:5)
  A worm (D:4)
  2 dart slugs (D:2)
  21 orcs
  3 ball pythons
  10 endoplasms
  3 giant cockroaches
  9 goblins
  5 hobgoblins
  3 jackals (D:1)
  19 kobolds
  8 quokkas
  6 bats
  3 frilled lizards (D:1)
  A rat (D:2)
151 creatures vanquished.

Vanquished Creatures (others)
  9 fungi (D:3)
  6 toadstools (D:3)
15 creatures vanquished.

Grand Total: 166 creatures vanquished

Notes
Turn   | Place    | Note
-------+----------+-------------------------------------------
     0 | D:1      | NinjaNoafa the Merfolk Monk began the quest for the Orb.
     0 | D:1      | Reached XP level 1. HP: 18/18 MP: 1/1
    60 | D:1      | Reached XP level 2. HP: 20/24 MP: 2/2
   266 | D:1      | Reached skill level 4 in Long Blades
   275 | D:1      | Reached XP level 3. HP: 15/30 MP: 3/3
  1077 | D:2      | Reached XP level 4. HP: 36/37 MP: 4/4
  1819 | D:3      | Found a blossoming altar of Fedhas.
  1940 | D:3      | Reached skill level 5 in Dodging
  1985 | D:3      | Found a burning altar of Makhleb.
  2174 | D:3      | HP: 1/38 [acid (9)]
  2353 | D:4      | Gained mutation: You have supernaturally acute eyesight.
                  | (SInv) [potion of mutation]
  2353 | D:4      | Gained mutation: You are somewhat resistant to further
                  | mutation. [potion of mutation]
  2378 | D:4      | Reached XP level 5. HP: 43/43 MP: 5/5
  2391 | D:4      | Reached skill level 5 in Fighting
  2532 | D:4      | Reached skill level 5 in Long Blades
  2673 | D:4      | Noticed Sigmund
  2692 | D:4      | Killed Sigmund
  2693 | D:4      | Reached skill level 6 in Long Blades
  2693 | D:4      | Reached XP level 6. HP: 22/51 MP: 6/6
  2829 | D:4      | Found a staircase to the Ecumenical Temple.
  2853 | Temple   | Entered the Ecumenical Temple
  3009 | Temple   | Became a worshipper of the Wu Jian Council
  3009 | Temple   | Reached * piety under Wu Jian
  3009 | Temple   | Reached ** piety under Wu Jian
  3172 | D:5      | Entered Level 5 of the Dungeon
  3206 | D:5      | Reached skill level 7 in Long Blades
  3288 | D:5      | Reached XP level 7. HP: 26/56 MP: 7/7
  3553 | D:5      | Reached skill level 8 in Long Blades
  3796 | D:5      | Found a shadowy altar of Dithmenos.
  3888 | D:5      | Reached skill level 9 in Long Blades
  4103 | D:5      | Reached XP level 8. HP: 26/62 MP: 8/8
  4231 | D:6      | Reached skill level 10 in Long Blades
  4486 | D:6      | Found a broken altar of Ashenzari.
  4571 | D:6      | Reached skill level 11 in Long Blades
  4796 | D:6      | Reached *** piety under Wu Jian
  5059 | D:6      | Found Ishkur's Dragon-Slaying Spoils.
  5267 | D:7      | Reached skill level 12 in Long Blades
  5537 | D:7      | Reached XP level 9. HP: 68/68 MP: 9/9
  5680 | D:7      | Reached skill level 13 in Long Blades
  5970 | D:7      | HP: 3/65 [wight/+4 spear (5)]
  6315 | D:7      | Found a snail-covered altar of Cheibriados.
  6317 | D:7      | Found a glowing silver altar of Zin.
  6317 | D:7      | Found an ancient bone altar of Kikubaaqudgha.
  6725 | D:8      | Noticed Pikel
  6735 | D:8      | Reached skill level 14 in Long Blades
  6738 | D:8      | Paralysed by Pikel for 4 turns
  6742 | D:8      | Killed Pikel
  6806 | D:8      | Noticed Gastronok
  6821 | D:8      | Killed from afar by Gastronok

Illustrated notes

Levels and vault maps discovered:
D:1:      dpeg_arrival_rhombus, layout_rooms
D:2:      minmay_chambers_of_ones, layout_basic
D:3:      cheibrodos_fertilizer, layout_basic, marbit_many_paths, bloody_makhleb
D:4:      layout_basic, minmay_temple_entry_arrows, uniq_sigmund
D:5:      layout_cave_pools, grunt_dithmenos_shadows
D:6:      layout_cave_pools, mainiacjoe_overflow_24_doors, nrook_mini_backslash,
          grunt_decor_one_mirror, nicolae_shop_dragon_depot, grunt_ministairs_2,
          kennysheep_generic_room_12
D:7:      layout_basic, grunt_temple_overflow_diamond
D:8:      layout_loops_ring, general_overflow_altar, minmay_manual_mess,
          uniq_gastronok, uniq_pikel
Temple:   hellmonk_temple_flake

Skill      XL: |  1  2  3  4  5  6  7  8  9 |
---------------+----------------------------+-----
Long Blades    | 4 6 7 9 12 14 | 14.0
Stealth        | 3 |  3.0
Fighting       | 4 5 6 |  6.2
Dodging        | 5 6 |  6.6
Throwing       | |  0.8

Action                   |  1- 3 |  4- 6 |  7- 9 || total
-------------------------+-------+-------+-------++-------
Melee: Falchion          |    95 |   196 |   234 ||   525
       Punch             |       |     2 |     3 ||     5
       Long sword        |       |       |    56 ||    56
       Great sword       |       |       |    54 ||    54
Throw: Boomerang         |       |       |    18 ||    18
Invok: Whirlwind         |       |    14 |    81 ||    95
       Lunge             |       |     2 |    17 ||    19
       Serpent's Lash    |       |       |     2 ||     2
 Abil: Wall Jump         |       |     4 |    33 ||    37
  Use: Scroll            |       |     9 |     8 ||    17
       Potion            |       |     5 |     5 ||    10
 Stab: Sleeping          |     8 |     8 |     2 ||    18
Armor: Robe              |    36 |    69 |    92 ||   197
Dodge: Dodged            |    85 |   154 |   197 ||   436

Table legend: (Time is in decaauts)
 A = Elapsed time spent in this place.
 B = Non-inter-level travel time spent in this place.
 C = Inter-level travel time spent in this place.
 D = Time resting spent in this place.
 E = Time spent auto-exploring this place.
 F = Levels seen in this place.
 G = Mean time per level.
                   A        B        C        D        E       F      G
               +--------+--------+--------+--------+--------+-----+--------+
         Total |   6859 |   6512 |    347 |      0 |   5049 |   9 |  762.1 |
       Dungeon |   6693 |   6368 |    325 |      0 |   4917 |   8 |  836.6 |
        Temple |    165 |    143 |     22 |      0 |    132 |   1 |  165.0 |
               +--------+--------+--------+--------+--------+-----+--------+

Top non-repeatable levels by time:
     D:7: 1434 daAuts
     D:5: 1077 daAuts
     D:6: 1049 daAuts
     D:3: 955 daAuts
     D:4: 807 daAuts
     D:2: 737 daAuts
     D:1: 526 daAuts
  Temple: 165 daAuts
     D:8: 105 daAuts
